Map: Kairos Junction LE

Players

HeRoMaRinE - Winner!

  • Race: Terran Terran
  • Spawn Location: 5:00

HateMe

  • Race: Zerg Zerg
  • Spawn Location: 11:00

Event: IEM Season 13: Katowice (2019)

VOD

Have the link to the VOD?

Description

Time

  • Played on: Feb. 25, 2019, 4:29 a.m.
  • Length: 11:43

All games in this series

Show
View Real Time Build Order
Export as new Build Order

HeRoMaRinE Terran - Winner!

Build Orders: Reaper Expand 

Get SALT Encoding   

  12  0:00  SCV  
  13  0:12  SCV  
  14  0:17  Supply Depot  
  14  0:24  SCV  
  15  0:38  SCV  
  15  0:41  Barracks  
  16  0:44  Refinery  
  16  0:50  SCV  
  17  1:02  SCV  
  18  1:15  SCV  
  19  1:29  Orbital Command, Reaper  
  20  1:39  Command Center  
  20  1:50  Supply Depot  
  21  1:54  SCV  
  21  2:01  Marine  
  22  2:06  SCV  
  23  2:09  Factory  
  23  2:12  Refinery  
  23  2:18  SCV  
  23  2:22  Barracks Reactor  
  24  2:30  SCV  
  25  2:42  SCV  
  26  2:53  Factory Tech Lab  
  26  2:54  Orbital Command, SCV  
  26  2:57  Starport  
  27  3:00  Marine x2  
  29  3:06  SCV  
  30  3:17  Siege Tank  
  30  3:18  Marine x2  
  30  3:19  SCV  
  36  3:21  SCV, Bunker  
  37  3:27  Supply Depot  
  37  3:33  Viking  
  41  3:36  Marine x2  
  41  3:37  SCV  
  41  3:39  SCV  
  43  3:50  SCV  
  43  3:51  SCV  
  43  3:54  Marine x2  
  47  3:58  Siege Tank  
  47  4:02  SCV  
  49  4:03  SCV  
  47  4:11  Marine  
  47  4:14  SCV  
  47  4:15  SCV  
  44  4:17  Marine  
  39  4:26  SCV  
  39  4:27  SCV  
  36  4:38  SCV  
  34  4:39  SCV  
  34  4:43  Marine x2  
  37  4:50  SCV  
  37  4:51  Siege Tank, SCV  
  41  5:02  Starport Tech Lab, Marine, SCV  
  41  5:03  Marine, SCV  
  45  5:08  Viking  
  45  5:12  Supply Depot  
  47  5:14  SCV  
  47  5:15  SCV  
  47  5:20  Marine x2  
  50  5:26  SCV  
  50  5:27  SCV  
  51  5:38  SCV  
  51  5:39  Command Center  
  52  5:48  Barracks  
  52  5:49  Starport Reactor  
  52  5:50  SCV  
  52  5:51  Barracks, SCV  
  54  5:59  Siege Tank  
  54  6:02  Supply Depot, SCV  
  54  6:03  SCV  
  59  6:06  Marine x2  
  61  6:14  SCV  
  61  6:16  Supply Depot  
  62  6:19  Engineering Bay  
  62  6:20  Engineering Bay  
  62  6:24  SCV  
  62  6:25  Marine x2  
  65  6:27  SCV  
  66  6:36  Barracks Tech Lab, SCV  
  66  6:39  SCV  
  71  6:40  Starport Reactor  
  71  6:42  Refinery x2  
  71  6:45  Barracks Tech Lab  
  71  6:48  Barracks  
  71  6:49  Barracks  
  71  6:50  Terran Infantry Weapons Level 1, SCV  
  71  6:51  SCV  
  70  6:54  Orbital Command  
  70  7:02  Stimpack  
  70  7:04  SCV x2  
  70  7:05  Marine x4  
  76  7:16  SCV x2  
  76  7:20  Missile Turret  
  76  7:22  SCV  
  79  7:25  Terran Infantry Armor Level 1, Marine x3  
  79  7:26  Marine  
  79  7:28  SCV x2  
  85  7:32  Medivac  
  85  7:33  Supply Depot  
  85  7:34  Supply Depot  
  87  7:39  Medivac  
  87  7:40  SCV x3  
  87  7:42  Marine  
  87  7:43  Barracks Reactor  
  93  7:50  Supply Depot  
  93  7:54  Marine, SCV x3  
  93  7:56  Siege Tank  
  93  7:58  Marine x4  
  102  8:00  Marine  
  104  8:08  SCV  
  104  8:09  SCV  
  104  8:12  Marine  
  107  8:13  Supply Depot  
  107  8:14  Orbital Command  
  107  8:16  Marine x2  
  107  8:17  Supply Depot  
  107  8:18  Marine  
  112  8:21  Marine  
  112  8:23  Armory  
  112  8:24  Marine x2  
  113  8:28  Marine, SCV x2  
  113  8:30  Marine  
  117  8:35  Siege Tank  
  117  8:40  SCV x2  
  122  8:43  SCV  
  122  8:45  Marine x2  
  125  8:50  Marauder x2  
  125  8:52  SCV x2  
  125  8:53  Supply Depot x2  
  125  8:55  SCV  
  132  8:58  Refinery  
  132  8:59  Refinery  
  132  9:01  Factory  
  132  9:04  Marine x2  
  132  9:08  Missile Turret  
  133  9:14  Siege Tank, Marine, SCV x3  
  133  9:15  Marauder  
  133  9:17  Marine x2  
  142  9:19  Marine x2  
  142  9:22  Marine  
  145  9:27  Terran Infantry Weapons Level 2, Terran Infantry Armor Level 2, Marine  
  145  9:28  Refinery  
  145  9:31  Supply Depot, SCV x3  
  148  9:37  Supply Depot  
  148  9:38  Terran Vehicle Weapons Level 1  
  149  9:40  Supply Depot  
  149  9:45  Factory Tech Lab  
  149  9:46  Supply Depot  
  149  9:48  Supply Depot  
  149  9:52  Marine x2  
  149  9:53  Medivac, Marauder x2  
  149  9:59  Medivac  
  158  10:00  Siege Tank  
  158  10:04  Marine x2  
  158  10:05  Marine x2  
  163  10:07  Combat Shield, Concussive Shells  
  163  10:10  Marine x2  
  165  10:14  Marauder x2  
  165  10:20  Supply Depot, Siege Tank  
  172  10:22  Marine x2  
  172  10:23  Marine x2  
  172  10:25  Medivac  
  178  10:29  Medivac  
  180  10:40  Command Center, Marauder x2  
  184  10:44  Marine  
  184  10:45  Marine x4  
  184  10:46  Siege Tank  
  192  10:52  Siege Tank  
  193  11:02  Marauder x2  
  197  11:09  Marine x3  
  200  11:20  Barracks  
  200  11:21  Barracks  
  200  11:25  Barracks  
Show
View Real Time Build Order
Export as new Build Order

HateMe Zerg 

Build Orders: Hatch First, Roach Nydus 

Get SALT Encoding   

  12  0:00  Drone  
  13  0:12  Overlord  
  13  0:18  Drone  
  14  0:31  Drone x2  
  16  0:49  Hatchery  
  15  0:52  Drone  
  15  0:56  Drone  
  17  0:59  Drone  
  17  1:02  Extractor  
  17  1:15  Spawning Pool  
  17  1:18  Drone  
  17  1:21  Drone  
  18  1:28  Drone  
  19  1:39  Drone  
  20  1:51  Overlord  
  20  2:02  Zergling x4  
  20  2:03  Lair  
  22  2:11  Drone, Queen  
  22  2:13  Drone  
  26  2:23  Drone  
  27  2:31  Drone  
  27  2:40  Extractor  
  27  2:42  Roach Warren  
  27  2:43  Drone x3  
  28  2:47  Queen  
  30  3:00  Nydus Network  
  30  3:03  Overlord  
  29  3:17  Overlord  
  29  3:23  Roach  
  29  3:24  Roach x3  
  37  3:29  Overlord, Roach  
  39  3:37  Nydus Canal  
  39  3:40  Roach  
  41  3:46  Roach  
  42  3:50  Roach  
  43  3:59  Nydus Canal  
  39  4:05  Roach  
  39  4:07  Roach  
  39  4:13  Roach  
  41  4:21  Roach  
  43  4:25  Nydus Canal  
  37  4:31  Roach  
  37  4:36  Roach  
  31  4:39  Zergling x2  
  31  4:40  Zergling x4  
  32  4:47  Queen x2  
  32  4:51  Roach  
  38  4:55  Roach  
  38  4:58  Nydus Canal  
  40  5:02  Roach  
  40  5:07  Roach  
  42  5:17  Roach x2  
  43  5:29  Drone x2  
  43  5:34  Overlord  
  45  5:38  Drone  
  45  5:41  Drone  
  47  5:43  Drone  
  48  5:51  Drone, Glial Reconstitution  
  48  5:53  Drone  
  50  5:57  Drone x3  
  50  6:00  Drone  
  50  6:02  Drone  
  55  6:05  Drone  
  55  6:11  Drone x2  
  58  6:28  Hatchery  
  58  6:29  Roach  
  58  6:32  Overlord  
  59  6:34  Overlord  
  59  6:38  Overlord  
  59  6:46  Overlord  
  59  6:50  Roach  
  59  6:51  Roach x2  
  59  6:53  Roach x2  
  69  6:58  Overseer  
  69  7:02  Roach x3  
  69  7:05  Roach  
  77  7:10  Evolution Chamber  
  77  7:11  Roach  
  77  7:14  Roach  
  80  7:18  Roach  
  82  7:24  Roach  
  84  7:30  Roach  
  84  7:36  Zerg Missile Weapons Level 1  
  86  7:38  Roach x3  
  92  7:44  Roach  
  92  7:45  Roach x2  
  98  7:54  Overlord x2  
  98  8:04  Overlord  
  98  8:09  Overlord x2  
  98  8:10  Evolution Chamber  
  98  8:12  Overlord  
  97  8:15  Drone  
  97  8:17  Overlord  
  98  8:24  Drone x8  
  106  8:28  Overlord  
  106  8:29  Drone  
  107  8:35  Zerg Ground Armor Level 1  
  107  8:36  Drone  
  107  8:37  Drone  
  107  8:39  Drone  
  110  8:42  Drone  
  110  8:47  Nydus Canal  
  111  8:51  Queen  
  111  8:52  Overlord  
  111  8:53  Drone  
  111  8:55  Drone  
  115  8:58  Extractor x2  
  115  9:00  Drone x2  
  115  9:01  Drone  
  115  9:02  Drone  
  117  9:09  Roach x2  
  121  9:15  Roach  
  121  9:16  Roach x3  
  129  9:25  Overseer  
  129  9:37  Hatchery, Overlord x2  
  128  9:43  Roach x6  
  140  9:47  Ravager  
  140  9:50  Roach x2  
  140  9:51  Roach  
  134  10:04  Roach x4  
  140  10:09  Overlord  
  140  10:12  Drone x5  
  145  10:16  Drone x2  
  145  10:21  Ravager  
  148  10:24  Nydus Canal  
  148  10:26  Roach  
  148  10:27  Roach  
  152  10:29  Overlord  
  152  10:32  Roach x2  
  156  10:37  Roach x2  
  160  10:43  Overlord  
  160  10:46  Drone x2  
  160  10:47  Extractor  
  160  10:48  Extractor  
  160  10:49  Drone x3  
  163  10:52  Drone x3  
  164  11:01  Overlord  
  164  11:03  Drone  
  164  11:04  Drone x2  
  167  11:05  Drone x2, Extractor  
  167  11:06  Drone, Extractor  
  167  11:07  Queen  
  170  11:21  Ravager x4  

Tags
 
Add a new tag
Caveats
  • Supply blocks, unpowered buildings, or Contaminate may cause inaccurate times.
  • Supply counts are checked every 10 seconds.